 Dungeon Crawl Stone Soup version 0.27.0-66-gdc8fb28755 (webtiles) character file.

Game seed: 5980522173901841337

22095 shotgunwizard22 the Severer (level 12, -11/106 HPs)
             Began as a Minotaur Fighter on Aug 20, 2021.
             Was the Champion of Qazlal.
             Mangled by an orc warlord (22 damage)
             ... on level 1 of the Orcish Mines.
             The game lasted 01:19:57 (11836 turns).

shotgunwizard22 the Severer (Minotaur Fighter)     Turns: 11836, Time: 01:19:59

Health: -11/106    AC: 18    Str: 25    XL:     12   Next: 60%
Magic:  11/11      EV: 14    Int:  5    God:    Qazlal [******]
Gold:   1746       SH: 27    Dex: 17    Spells: 11/11 levels left

rFire    . . .     SeeInvis .   K - +0 morningstar
rCold    . . .     Faith    .   c - +0 kite shield
rNeg     . . .     Spirit   .   i - +2 chain mail
rPois    .         Reflect  +   (helmet restricted)
rElec    .         Harm     .   E - +0 cloak
rCorr    .         Rampage  .   (no gloves)
Will     .....                  (no boots)
Stlth    ..........             A - amulet of reflection
HPRegen  0.27/turn              v - +6 ring of dexterity
MPRegen  0.12/turn              b - +4 ring of evasion

@: mighty, protected from physical damage, on berserk cooldown, slowed, studying
Slings, repel missiles, very slow
A: horns 2, retaliatory headbutt
a: Renounce Religion, Upheaval, Elemental Force, Disaster Area


You were on level 1 of the Orcish Mines.
You worshipped Qazlal.
Qazlal was exalted by your worship.
You visited 2 branches of the dungeon, and saw 12 of its levels.
You also visited: Ossuary.

You collected 1746 gold pieces.

Inventory:

Hand Weapons
 a - a +4 war axe
 k - a +4 short sword
 x - the +2 spear of Big Damage {vamp, +Rage}
   (You took it off a gnoll sergeant on level 7 of the Dungeon)

   It occasionally heals its wielder for a portion of the damage dealt when it
   wounds a living foe.
   +Rage:     It lets you go berserk.
 D - a +0 vorpal glaive
 I - a +4 broad axe
 K - a +0 morningstar (weapon)
 O - a +2 trident of chaos
 P - a +0 vampiric broad axe
 T - a +1 scimitar of flaming
Missiles
 f - 69 bolts
 o - 123 stones (quivered)
 p - 4 throwing nets
 J - 20 boomerangs
 V - 57 poisoned darts
Armour
 c - a +0 kite shield (worn)
 i - a +2 chain mail (worn)
 m - a +2 leather armour of willpower
 E - a +0 cloak (worn)
 M - a +0 plate armour
Jewellery
 b - a +4 ring of evasion (right hand)
 h - an amulet of guardian spirit
 l - a ring of poison resistance
 v - a +6 ring of dexterity (left hand)
 A - an amulet of reflection (around neck)
 Q - the ring "Riqiene" {Fly MP+9 Int-4 SInv Stlth+}
   (You found it on level 7 of the Dungeon)

   [ring of see invisible]

   Int:       It affects your intelligence (-4).
   MP:        It affects your magic capacity (+9).
   SInv:      It lets you see invisible.
   Fly:       It grants you flight.
   Stlth:     It makes you more stealthy.
 R - an amulet of faith
 W - a ring of see invisible
 Z - a ring of protection from fire
Wands
 g - a wand of digging (3)
 j - a wand of flame (41)
 r - a wand of mindburst (19)
 N - a wand of polymorph (23)
 S - a wand of iceblast (11)
 Y - a wand of charming (7)
Scrolls
 e - 5 scrolls of teleportation
 t - a scroll of fear
 u - 4 scrolls of fog
 w - a scroll of amnesia
 y - 3 scrolls of blinking
 C - a scroll of silence
 G - 2 scrolls of magic mapping
Potions
 d - 6 potions of attraction
 n - 4 potions of lignification
 q - 2 potions of mutation {unknown}
 s - 2 potions of resistance {unknown}
 z - a potion of degeneration {unknown}
 B - 2 potions of heal wounds {unknown}
 F - 2 potions of might
 L - 2 potions of brilliance {unknown}
Miscellaneous
 X - a phial of floods


   Skills:
 + Level 9.8 Fighting
 + Level 15.1(15.2) Axes
 + Level 3.2(10.6) Maces & Flails
 + Level 3.7 Throwing
 + Level 10.1 Armour
 + Level 3.4 Dodging
 + Level 0.8 Stealth
 + Level 13.3 Shields
 + Level 0.5 Evocations


You had 11 spell levels left.
You didn't know any spells.
Your spell library contained the following spells:

 Spells                   Type           Power      Damage    Failure   Level
 Slow                     Hex            0%         N/A       99%         2
 Confusing Touch          Hex            0%         N/A       100%        3
 Vampiric Draining        Necr           0%         2d6       100%        3


Dungeon Overview and Level Annotations

Branches:
Dungeon (11/15)            Temple (0/1) D:5            Lair (0/6) D:11
    Orc (1/2) D:11        Ossuary (visited)

Altars:
Cheibriados
Kikubaaqudgha
Makhleb
Qazlal
Ru
Uskayaw
Vehumet
Wu Jian
Xom


Innate Abilities, Weirdness & Mutations

You have a pair of horns on your head.
You reflexively headbutt those who attack you in melee.


Message History

You kill the orc knight!
Qazlal accepts your kill.
The orc warrior is engulfed in freezing vapours.
You block the orc warrior's attack.
The orc warrior is engulfed in freezing vapours.
The orc warrior hits you from afar with a +0 glaive!
* * * LOW HITPOINT WARNING * * *
You block the orc's attack.
The orc warlord is engulfed in blazing flames.
Your base Maces & Flails skill increases to level 3!
You hit the orc warrior.
The orc warrior is lightly wounded.
The orc warrior throws a boomerang.
You reflect the boomerang off an invisible shield around you!
The boomerang hits the orc warrior!
The orc warrior is engulfed in freezing vapours.
You kill the orc warrior!
Qazlal accepts your kill.
The orc warrior is engulfed in freezing vapours.
The orc warrior hits you from afar with a +0 glaive!
* * * LOW HITPOINT WARNING * * *
You block the orc's attack.
You are no longer berserk.
You are exhausted.
You feel yourself slow down.
The orc warlord no longer looks unusually strong.
You block the orc warlord's attack. You block the orc warrior's attack.
The orc is engulfed in blazing flames.
The orc warrior closely misses you. The orc warrior barely misses you.
Items here: )) [[ †.
You feel better.
The warg is engulfed in freezing vapours.
You block the warg's attack.
The orc warrior is engulfed in freezing vapours.
You block the orc warrior's attack.
The orc warrior hits you from afar with a +0 halberd!
* * * LOW HITPOINT WARNING * * *
You block the orc warrior's attack.
The orc warlord hits you with a +1 dire flail of venom!!
You die...

#....#.....
#..........$........
#...................
...................
##..................
#.o○.....>...$..$...
#oohoo..$...........
#.o@ooo.............
##o#oo....$.<.......
###oo.......ooo....
#ooo....)..oo.....
##.......o.oo.o..#
##.....)).o......
#......$...o$....
##.#...#.....####
###.......###


You could see an orc warlord, a warg, 8 orc warriors, an orc wizard (strong) and
6 orcs.

Vanquished Creatures
  2 hydras
  5 two-headed ogres
  Erica (D:8)
  Urug (D:10)
  The ghost of olaf the Chopper, a novice GnBe of Trog (D:7)
  An orc knight (Orc:1)
  A cyclops (D:11)
  The ghost of Rye the Shield-Bearer, a novice FoFi (D:6)
  Psyche (D:8)
  2 kobold demonologists (D:9)
  3 trolls
  3 meliai (D:8)
  Grinder (D:5)
  Prince Ribbit (D:9)
  A meliai zombie (D:10)
  A shadow (D:10)
  Sigmund (D:2)
  A wyvern (D:9)
  20 yaks
  3 wraiths
  2 steam dragons (D:7)
  10 vampire mosquitoes (D:11)
  Grum (D:7)
  A warg (Orc:1)
  2 acid dragons (D:9)
  5 water moccasins (D:11)
  2 black bears
  3 sky beasts
  4 orc warriors
  3 necrophages
  2 ogres
  2 wolves (D:7)
  2 centaurs
  2 phantoms
  6 kobold brigands
  5 bullfrogs
  3 scorpions
  A wyvern zombie (D:6)
  An elf skeleton (D:6)
  3 gnoll sergeants (D:7)
  2 water moccasin zombies
  10 wights (D:8)
  2 howler monkeys
  5 bullfrog zombies (Ossuary)
  6 centaur zombies
  A human zombie (D:6)
  2 jellies
  3 centaur skeletons
  5 hounds
  13 orc priests
  2 gnoll shamans (D:7)
  A human skeleton (D:6)
  17 mummies (Ossuary)
  Natasha (twice) (D:2)
  2 iguanas
  11 orc wizards
  3 killer bee zombies (Ossuary)
  A hound skeleton (D:5)
  5 howler monkey zombies
  25 gnolls
  8 adders
  3 river rats (D:5)
  2 shadow imps (D:7)
  3 worms
  2 dart slugs
  55 orcs
  10 endoplasms
  5 giant cockroaches
  8 goblins
  6 hobgoblins
  17 jackals
  8 kobolds
  5 quokkas
  8 ball pythons
  6 bats
  A frilled lizard (D:2)
  2 orc skeletons (D:6)
  An orc zombie (D:6)
  7 rats
386 creatures vanquished.

Vanquished Creatures (others)
  An orc (D:8)
  18 fungi (D:11)
  24 plants
  8 withered plants
51 creatures vanquished.

Grand Total: 437 creatures vanquished

Notes
Turn   | Place    | Note
-------+----------+-------------------------------------------
     0 | D:1      | shotgunwizard22 the Minotaur Fighter began the quest for
                  | the Orb.
     0 | D:1      | Reached XP level 1. HP: 19/19 MP: 0/0
   185 | D:1      | Found a faded altar of an unknown god.
   187 | D:1      | Reached XP level 2. HP: 27/27 MP: 1/1
   197 | D:1      | Became a worshipper of Ru the Awakened
   217 | D:1      | Fell from the grace of Ru
   476 | D:1      | Reached skill level 3 in Axes
   477 | D:1      | Reached XP level 3. HP: 33/33 MP: 2/2
   903 | D:2      | Identified a scroll of acquirement
   903 | D:2      | Acquired 982 gold pieces
  1040 | D:2      | Noticed Natasha
  1048 | D:2      | Killed Natasha
  1049 | D:2      | Reached XP level 4. HP: 39/40 MP: 3/3
  1486 | D:2      | Reached skill level 4 in Axes
  1577 | D:2      | Noticed Sigmund
  1581 | D:2      | Killed Sigmund
  1582 | D:2      | Reached skill level 5 in Axes
  1582 | D:2      | Reached skill level 5 in Armour
  1582 | D:2      | Reached skill level 1 in Dodging
  1582 | D:2      | Reached XP level 5. HP: 31/47 MP: 4/4
  1840 | D:2      | Reached XP level 6. HP: 43/53 MP: 5/5
  2192 | D:2      | Noticed Natasha
  2196 | D:2      | Killed Natasha
  2379 | D:3      | Found a stormy altar of Qazlal.
  2379 | D:3      | Found a hide-covered altar of Uskayaw.
  2398 | D:3      | Became a worshipper of Qazlal Stormbringer
  3219 | D:4      | Reached skill level 5 in Shields
  3304 | D:4      | Reached skill level 6 in Axes
  3428 | D:4      | Noticed a sky beast
  3437 | D:4      | Killed a sky beast
  3438 | D:4      | Reached skill level 5 in Fighting
  3438 | D:4      | Reached XP level 7. HP: 54/61 MP: 6/6
  3488 | D:4      | Reached skill level 1 in Throwing
  3575 | D:4      | Reached * piety under Qazlal
  3627 | D:4      | Reached skill level 7 in Axes
  4031 | D:4      | Reached XP level 8. HP: 66/69 MP: 7/7
  4353 | D:5      | Entered Level 5 of the Dungeon
  4358 | D:5      | Reached skill level 8 in Axes
  4505 | D:5      | Found a staircase to the Ecumenical Temple.
  4512 | D:5      | Found a glowing drain.
  4545 | D:5      | Reached ** piety under Qazlal
  4759 | D:5      | Noticed Grinder
  4759 | D:5      | Noticed a troll
  4773 | D:5      | Killed a troll
  4774 | D:5      | Reached skill level 9 in Axes
  5133 | D:5      | Killed Grinder
  5393 | D:5      | Reached XP level 9. HP: 68/78 MP: 8/8
  5613 | D:6      | Found a runed translucent door.
  5613 | D:6      | Noticed Rye's ghost (novice FoFi)
  5777 | D:6      | Found an ornate altar of the Wu Jian Council.
  5990 | D:6      | Found a sand-covered staircase.
  6000 | Ossuary  | Entered an ossuary
  6016 | Ossuary  | Reached *** piety under Qazlal
  6017 | Ossuary  | Reached skill level 10 in Axes
  6414 | D:6      | Reached **** piety under Qazlal
  6489 | D:6      | Reached skill level 11 in Axes
  6568 | D:6      | Identified the +8 chain mail "Vuaseaha" {rC++}
  6947 | D:6      | Killed Rye's ghost
  7041 | D:7      | Identified the +2 spear of Big Damage {vamp, +Rage}
  7051 | D:7      | Reached XP level 10. HP: 71/86 MP: 9/9
  7168 | D:7      | Noticed olaf's ghost (novice GnBe)
  7174 | D:7      | Noticed Grum
  7470 | D:7      | Found a shimmering altar of Xom.
  7858 | D:7      | Found a transporter.
  7864 | D:7      | Found a transporter.
  7934 | D:7      | Killed olaf's ghost
  7935 | D:7      | Reached skill level 12 in Axes
  7944 | D:7      | Killed Grum
  8449 | D:7      | Identified the ring "Riqiene" {Fly MP+9 Int-4 SInv Stlth+}
  8460 | D:7      | Acquired a +0 vampiric broad axe
  8515 | D:7      | Found a radiant altar of Vehumet.
  8862 | D:8      | Reached skill level 10 in Shields
  8979 | D:8      | Reached ***** piety under Qazlal
  9106 | D:8      | Noticed Psyche
  9118 | D:8      | Killed Psyche
  9380 | D:8      | Found an ancient bone altar of Kikubaaqudgha.
  9438 | D:8      | Found a burning altar of Makhleb.
  9484 | D:8      | Noticed Erica
  9494 | D:8      | Killed Erica
  9495 | D:8      | Reached skill level 13 in Axes
  9575 | D:8      | Reached XP level 11. HP: 77/94 MP: 10/10
 10584 | D:9      | Noticed Prince Ribbit
 10601 | D:9      | Killed Prince Ribbit
 10607 | D:9      | Noticed a two-headed ogre
 10616 | D:9      | Killed a two-headed ogre
 10900 | D:10     | Entered Level 10 of the Dungeon
 11031 | D:10     | Noticed a two-headed ogre
 11037 | D:10     | Noticed a seven-headed hydra
 11039 | D:10     | Killed a two-headed ogre
 11040 | D:10     | Reached skill level 14 in Axes
 11050 | D:10     | Killed a seven-headed hydra
 11075 | D:10     | Noticed a two-headed ogre
 11085 | D:10     | Killed a two-headed ogre
 11115 | D:10     | Reached skill level 1 in Maces & Flails
 11115 | D:10     | Reached XP level 12. HP: 94/104 MP: 11/11
 11199 | D:10     | Noticed Urug
 11210 | D:10     | Killed Urug
 11502 | D:10     | Found a snail-covered altar of Cheibriados.
 11572 | D:11     | Noticed a two-headed ogre
 11584 | D:11     | Killed a two-headed ogre
 11585 | D:11     | Reached skill level 10 in Armour
 11596 | D:11     | Noticed a two-headed ogre
 11605 | D:11     | Killed a two-headed ogre
 11606 | D:11     | Reached skill level 15 in Axes
 11629 | D:11     | Found a staircase to the Lair.
 11639 | D:11     | Noticed a four-headed hydra
 11651 | D:11     | Killed a four-headed hydra
 11763 | D:11     | Found a staircase to the Orcish Mines.
 11802 | Orc:1    | Entered Level 1 of the Orcish Mines
 11805 | Orc:1    | Noticed an orc warlord
 11827 | Orc:1    | Reached ****** piety under Qazlal
 11836 | Orc:1    | Mangled by an orc warlord

Illustrated notes

Levels and vault maps discovered:
D:1:      lightli_arrival_quake, layout_loops_cross,
          shapermc_ecumenical_altar_venn
D:2:      layout_loops_corners, patterned_corridor, uniq_sigmund, uniq_natasha
D:3:      minmay_inner_zag, layout_basic, mainiacjoe_overflow_large_starburst,
          st_stairs_4, corexii_shack, hangedman_decor_diamond_cutter
D:4:      layout_basic
D:5:      layout_cave_pools, minmay_temple_entry_mist, portal_sewer_entry_c,
          uniq_grinder
D:6:      layout_basic, mainiacjoe_overflow_cross_hatched,
          nicolae_ossuary_entry_catacombs, hellmonk_ghost_happy_afterlife,
          grunt_decor_fettered
D:7:      layout_basic, marbit_many_paths, xom_teletrap_fun, serial_rivers,
          chequers_serial_rivers_room_b, chequers_serial_rivers_micro_c,
          chequers_serial_rivers_large_a, chequers_serial_rivers_large_b,
          chequers_serial_rivers_room_a, chequers_serial_rivers_room_b,
          gammafunk_ghost_gnarly_gnolls
D:8:      layout_basic, kiku_gazebo_garden_becter, old_standard_altar,
          ebering_dispersal_statue_hall, uniq_psyche, uniq_grum, uniq_erica
D:9:      layout_basic, uniq_prince_ribbit1
D:10:     layout_cave_pools, slow_altar_2, minmay_statues_item, uniq_urug
D:11:     layout_rooms, due_lair_maze_entry_diamond, david_orc_2
Orc:1:    layout_caves, serial_shops, shop, nicolae_alphabet_shops,
          nicolae_orc_damp_corner

Skill      XL: |  1  2  3  4  5  6  7  8  9 10 11 12 |
---------------+-------------------------------------+-----
Fighting       | 4 5 6 7 8 9 |  9.8
Shields        | 4 5 6 8 10 12 13 | 13.3
Armour         | 4 5 6 7 8 9 10 | 10.1
Axes           | 3 5 6 7 9 11 13 14 15 | 15.1
Dodging        | 1 2 3 |  3.4
Throwing       | 1 2 3 |  3.7
Maces & Flails | 1 3 |  3.2
Stealth        | |  0.8
Evocations     | |  0.5

Action                   |  1- 3 |  4- 6 |  7- 9 | 10-12 || total
-------------------------+-------+-------+-------+-------++-------
Melee: War axe           |   106 |   114 |   359 |    94 ||   673
       Headbutt          |    14 |    17 |    91 |   140 ||   262
       Broad axe         |       |       |       |   311 ||   311
       Morningstar       |       |       |       |    52 ||    52
Throw: Stone             |       |     5 |    42 |    40 ||    87
       Dart              |       |       |       |    10 ||    10
Invok: Renounce Religion |     1 |       |       |       ||     1
Evoke: Wand              |       |       |     1 |     2 ||     3
  Use: Scroll            |     3 |     5 |     9 |     9 ||    26
       Potion            |       |       |     2 |     8 ||    10
Armor: Scale mail        |    53 |     5 |       |       ||    58
       Chain mail        |       |    38 |    85 |    69 ||   192
Dodge: Dodged            |    27 |    34 |    97 |   107 ||   265
       Repelled          |       |       |     1 |     1 ||     2
Block: Kite shield       |    60 |    54 |   237 |   536 ||   887
       Reflection        |       |       |       |    12 ||    12
